AoeStats
← SJDHSUEEEEE

Arena

506851607Analyzed
4v4 RM · 18d ago on Sep 15, 2026· 32m 3s· 8 players
Game mode
Random Map
Map size
Large (8 player)
Population
200
Speed
Normal
Resources
Standard
Victory
Conquest
Starting age
Dark Age
Ending age
Imperial Age
RankedLock teamsTeams togetherTeam positionsShared explorationLock speedFull tech treeHidden civsTurbo modeCheats
Victory
Defeat
🇨🇳 Goths · China
1592
+11
🇨🇳 Turks · China
1592
+11
🇨🇳 Japanese · China
1590
+11
🇨🇳 Slavs · China
1533
+13
🇹🇼 Aztecs · Taiwan
1503
-13
🇨🇳 Slavs · China
1490
-12
🇨🇳 Shu · China
1481
-12
1421
-9
叫我靓仔啊 扑街
11:00 Feudal Age
15:07 Castle Age
13:01 Double-Bit Axe
12:58 Horse Collar
17:26 Bow Saw
18:47 Loom
22:19 Wheelbarrow
23:36 Gold Mining
23:58 Scale Barding Armor
24:36 Bloodlines
26:57 Hand Cart
28:26 Town Watch
29:07 Chain Barding Armor
28:59 Forging
31:56 Imperial Age
29:37 Husbandry
30:35 Heavy Plow
SJDHSUEEEEE
12:03 Feudal Age
13:27 Double-Bit Axe
13:43 Gold Mining
13:45 Horse Collar
16:16 Castle Age
20:37 Imperial Age
19:39 Gold Shaft Mining
19:34 Bow Saw
劳斯莱斯枭犽
4:19 Loom
10:48 Feudal Age
11:22 Double-Bit Axe
16:23 Castle Age
15:59 Scale Mail Armor
16:09 Forging
18:15 Chain Mail Armor
26:41 Arson
26:57 Squires
IAM
5:12 Loom
10:42 Feudal Age
12:16 Double-Bit Axe
14:52 Castle Age
12:52 Horse Collar
14:21 Scale Mail Armor
14:38 Gold Mining
15:36 Pikeman
17:28 Bow Saw
17:55 Squires
19:07 Forging
20:22 Stone Mining
21:38 Devotion
22:43 Heavy Plow
25:03 Chain Mail Armor
28:04 Wheelbarrow
30:09 Iron Casting
32:41 Anarchy
不西西
10:13 Feudal Age
13:54 Castle Age
12:22 Double-Bit Axe
12:42 Horse Collar
16:34 Bow Saw
20:59 Wheelbarrow
20:16 Gold Mining
21:11 Scale Barding Armor
21:53 Forging
22:25 Chain Barding Armor
22:30 Husbandry
22:41 Bloodlines
22:14 Light Cavalry
26:29 Man-at-Arms
27:11 Squires
28:16 Iron Casting
28:53 Loom
28:41 Long Swordsman
29:27 Scale Mail Armor
如风吹落叶般四散奔逃
3:10 Double-Bit Axe
4:01 Double-Bit Axe
8:05 Horse Collar
11:26 Feudal Age
15:23 Castle Age
13:53 Bow Saw
15:46 Light Cavalry
18:23 Wheelbarrow
20:49 Heavy Plow
26:26 Imperial Age
23:42 Loom
32:25 Imperial Age
31:08 Hand Cart
30:38 Town Watch
Haosbot
10:54 Feudal Age
14:35 Castle Age
13:34 Horse Collar
14:21 Double-Bit Axe
17:38 Bow Saw
19:17 Heavy Plow
23:12 Loom
24:06 Wheelbarrow
27:29 Imperial Age
25:37 Squires
27:17 Hand Cart
27:06 Man-at-Arms
27:33 Gambesons
28:42 Conscription
28:45 Gold Mining
28:48 Stone Mining
29:24 Scale Mail Armor
29:35 Forging
31:20 Chain Mail Armor
30:57 Elite Jaguar Warrior
32:21 Iron Casting
EricLu6
11:15 Feudal Age
12:44 Double-Bit Axe
15:47 Castle Age
13:44 Gold Mining
13:35 Horse Collar
19:12 Wheelbarrow
22:21 Imperial Age
20:21 Fletching
21:09 Bow Saw
24:32 Imperial Age
22:01 Bodkin Arrow
21:59 Crossbowman
22:58 Fortified Wall
22:14 Crossbowman
Connection lost

Rejoining the realm…

Still unreachable

The connection could not be restored.

Session expired

The server has moved on; the page needs a fresh start.